 Dungeon Crawl Stone Soup version 0.28-a0-233-gb8ca4b6547 (webtiles) character file.

Game seed: 6368766620519215204

67 jisko22 the Skirmisher (level 4, -5/41 HPs)
             Began as a Gnoll Wanderer on Aug 22, 2021.
             Was a Believer of Vehumet.
             Succumbed to a scorpion's poison
             ... on level 2 of the Dungeon.
             The game lasted 00:04:39 (2367 turns).

jisko22 the Skirmisher (Gnoll Wanderer)             Turns: 2367, Time: 00:04:39

Health: -5/41      AC:  2    Str: 11    XL:     4   Next: 18%
Magic:  4/11       EV: 11    Int: 12    God:    Vehumet [**....]
Gold:   15         SH:  0    Dex: 12    Spells: 6/13 levels left

rFire   . . .      SeeInvis .   a - +2 spear
rCold   . . .      Faith    .   (no shield)
rNeg    . . .      Spirit   .   b - +0 robe
rPois   .          Reflect  .   (no helmet)
rElec   .          Harm     .   (no cloak)
rCorr   .          Rampage  .   (no gloves)
Will    .....                   (no boots)
Stlth   ++........              (no amulet)
HPRegen 0.13/turn               (no ring)
MPRegen 0.12/turn               (no ring)

@: lethally poisoned (-5 -> -31), attractive
A: fangs 1, strong nose, distributed training
a: Renounce Religion


You were on level 2 of the Dungeon.
You worshipped Vehumet.
Vehumet was pleased with you.
You visited 1 branch of the dungeon, and saw 2 of its levels.

You collected 15 gold pieces.

Inventory:

Hand Weapons
 a - a +2 spear (weapon)
Armour
 b - a +0 robe (worn)
Wands
 i - a wand of digging (5)
Scrolls
 c - 2 scrolls of identify {unknown}
 d - a scroll of brand weapon {unknown}
 e - a scroll of fear {unknown}
 f - 4 scrolls of enchant weapon {unknown}
 h - 2 scrolls of teleportation {unknown}
 k - a scroll of fog {unknown}
Potions
 g - a potion of attraction
 j - 2 potions of heal wounds {unknown}


   Skills:
 + Level 6.6 Fighting
 + Level 1.0 Short Blades
 + Level 1.0 Long Blades
 + Level 1.0 Axes
 + Level 1.0 Maces & Flails
 + Level 1.0 Polearms
 + Level 1.0 Staves
 + Level 1.0 Slings
 + Level 1.0 Bows
 + Level 1.0 Crossbows
 + Level 2.7 Throwing
 + Level 4.6 Armour
 + Level 1.0 Dodging
 + Level 1.0 Stealth
 + Level 2.7 Shields
 + Level 1.0 Unarmed Combat
 + Level 5.0 Spellcasting
 + Level 0.8 Conjurations
 + Level 0.8 Hexes
 + Level 0.8 Summonings
 + Level 0.8 Necromancy
 + Level 0.8 Translocations
 + Level 0.8 Transmutations
 + Level 0.8 Fire Magic
 + Level 0.8 Ice Magic
 + Level 2.2 Air Magic
 + Level 0.8 Earth Magic
 + Level 0.8 Poison Magic
 + Level 1.1 Invocations
 + Level 1.0 Evocations


You had 6 spell levels left.
You knew the following spells:

 Your Spells              Type           Power      Damage    Failure   Level
a - Magic Dart            Conj           20%        1d4       14%         1
b - Searing Ray           Conj           10%        3d3       22%         2
c - Freeze                Ice            20%        1d4       14%         1
d - Frozen Ramparts       Ice            10%        1d3       38%         3

Your spell library contained the following spells:

 Spells                   Type           Power      Damage    Failure   Level
 Ozocubu's Armour         Ice            5%         N/A       38%         3


Dungeon Overview and Level Annotations

Branches:
Dungeon (2/15)

Altars:
Vehumet


Innate Abilities, Weirdness & Mutations

You have very sharp teeth.
Your uncanny sense of smell can sniff out nearby items.
Your experience applies equally to all skills.


Message History

Confirm with . or Enter, or press ? or * to list all spells.
Restarting spell: Searing Ray (safe; 22% risk of failure)
Press: ? - help, Shift-Dir - straight line, f/p - scorpion
Aim: a scorpion (74% to hit)
The searing ray hits the scorpion.
The scorpion is moderately wounded. (Press . to maintain the ray.)
The scorpion stings you.
You are poisoned.
The scorpion poisons you!
The searing ray hits the scorpion.
The scorpion is moderately wounded.
You feel very sick. The scorpion stings you!
The searing ray hits the scorpion.
The scorpion is severely wounded.
You feel very sick.
The scorpion stings you but does no damage.
You hit the scorpion. Your bite misses the scorpion.
The scorpion is almost dead.
You feel sick. The scorpion stings you.
* * * LOW HITPOINT WARNING * * *
You are lethally poisoned!
The scorpion poisons you!
You hit the scorpion but do no damage.
The scorpion is almost dead.
* * * LOW HITPOINT WARNING * * *
You feel very sick. The scorpion barely misses you.
The scorpion closely misses you.
You barely miss the scorpion.
The scorpion is almost dead.
* * * LOW HITPOINT WARNING * * *
You feel very sick. The scorpion stings you.
* * * LOW HITPOINT WARNING * * *
You are more poisoned.
The scorpion poisons you!
It was a potion of attraction.
You feel attractive to monsters.
You die...

## .###### #.....#
##.##<# ## ##...#
#. ##.##.# ####.#
#†###... ..... .##
#.########..### .#
#.# #.....s@.# .#
#.. .......#.# .#
### #.####.#.# .#
#.# #..#)# .# #.#
#.##.# .####. ##.#
#.##.# .....###.#.#
#.##.# .####.#.##.#
#.##.#
#####...##.###†##.#


You could see a scorpion.

Vanquished Creatures
  An adder (D:2)
  6 dart slugs
  2 ball pythons (D:1)
  2 bats (D:1)
  4 endoplasms (D:1)
  A giant cockroach (D:1)
  2 goblins (D:1)
  A hobgoblin (D:1)
  10 jackals
  2 kobolds (D:1)
  3 quokkas
  3 frilled lizards (D:1)
  4 rats (D:1)
41 creatures vanquished.

Notes
Turn   | Place    | Note
-------+----------+-------------------------------------------
     0 | D:1      | jisko22 the Gnoll Wanderer began the quest for the Orb.
     0 | D:1      | jisko22 set off with the following items: a +2 spear, a +0
                  | robe; and the following spells available to memorise:
                  | Freeze, Frozen Ramparts, Ozocubu's Armour
     0 | D:1      | Reached XP level 1. HP: 23/23 MP: 6/6
     2 | D:1      | Learned a level 1 spell: Freeze
   160 | D:1      | Reached XP level 2. HP: 24/29 MP: 7/7
   418 | D:1      | Found a faded altar of an unknown god.
   420 | D:1      | You fall into a shaft and drop 1 floor!
   467 | D:1      | Became a worshipper of Vehumet
   467 | D:1      | Reached * piety under Vehumet
   467 | D:1      | Offered knowledge of Magic Dart by Vehumet.
   470 | D:1      | Learned a level 1 spell: Magic Dart
   513 | D:1      | Reached XP level 3. HP: 27/35 MP: 9/9
   733 | D:1      | Reached skill level 5 in Spellcasting
   849 | D:1      | Reached skill level 1 in Invocations
  1780 | D:2      | Reached skill level 1 in Short Blades
  1780 | D:2      | Reached skill level 1 in Long Blades
  1780 | D:2      | Reached skill level 1 in Axes
  1780 | D:2      | Reached skill level 1 in Maces & Flails
  1780 | D:2      | Reached skill level 1 in Polearms
  1780 | D:2      | Reached skill level 1 in Staves
  1780 | D:2      | Reached skill level 1 in Slings
  1780 | D:2      | Reached skill level 1 in Bows
  1780 | D:2      | Reached skill level 1 in Crossbows
  1780 | D:2      | Reached skill level 1 in Dodging
  1780 | D:2      | Reached skill level 1 in Stealth
  1780 | D:2      | Reached skill level 1 in Unarmed Combat
  1780 | D:2      | Reached skill level 1 in Evocations
  1818 | D:2      | Reached ** piety under Vehumet
  2056 | D:2      | Offered knowledge of Searing Ray by Vehumet.
  2060 | D:2      | Learned a level 2 spell: Searing Ray
  2064 | D:2      | Learned a level 3 spell: Frozen Ramparts
  2110 | D:2      | Reached XP level 4. HP: 41/41 MP: 6/11
  2357 | D:2      | Noticed a scorpion
  2366 | D:2      | HP: 2/41 [poisoned by a scorpion]
  2367 | D:2      | Succumbed to a scorpion's poison

Illustrated notes

Levels and vault maps discovered:
D:1:      matt_arrival_spirals, layout_rooms,
          hellmonk_ecumenical_altar_pennies_from_heaven, minmay_misc_feat_room,
          patterned_corridor
D:2:      layout_loops_ring

Skill      XL: |  1  2  3 |
---------------+----------+-----
Air Magic      | 2 |  2.2
Spellcasting   | 5 |  5.0
Invocations    | 1 |  1.1
Short Blades   | 1 |  1.0
Long Blades    | 1 |  1.0
Axes           | 1 |  1.0
Maces & Flails | 1 |  1.0
Polearms       | 1 |  1.0
Staves         | 1 |  1.0
Slings         | 1 |  1.0
Bows           | 1 |  1.0
Crossbows      | 1 |  1.0
Dodging        | 1 |  1.0
Stealth        | 1 |  1.0
Unarmed Combat | 1 |  1.0
Evocations     | 1 |  1.0
Fighting       | |  6.6
Throwing       | |  2.7
Armour         | |  4.6
Shields        | |  2.7
Conjurations   | |  0.8
Hexes          | |  0.8
Summonings     | |  0.8
Necromancy     | |  0.8
Translocations | |  0.8
Transmutations | |  0.8
Fire Magic     | |  0.8
Ice Magic      | |  0.8
Earth Magic    | |  0.8
Poison Magic   | |  0.8

Action                   |  1- 3 |  4- 6 || total
-------------------------+-------+-------++-------
Melee: Spear             |   111 |    10 ||   121
       Bite              |     3 |       ||     3
 Cast: Magic Dart        |    35 |     2 ||    37
       Searing Ray       |     2 |     3 ||     5
  Use: Potion            |       |     1 ||     1
 Stab: Sleeping          |     1 |       ||     1
Armor: Robe              |    20 |     2 ||    22
Dodge: Dodged            |    59 |     8 ||    67

Table legend: (Time is in decaauts)
 A = Elapsed time spent in this place.
 B = Non-inter-level travel time spent in this place.
 C = Inter-level travel time spent in this place.
 D = Time resting spent in this place.
 E = Time spent auto-exploring this place.
 F = Levels seen in this place.
 G = Mean time per level.
                   A        B        C        D        E       F      G
               +--------+--------+--------+--------+--------+-----+--------+
         Total |   2377 |   2356 |     21 |    701 |   1223 |   2 | 1188.5 |
       Dungeon |   2377 |   2356 |     21 |    701 |   1223 |   2 | 1188.5 |
               +--------+--------+--------+--------+--------+-----+--------+

Top non-repeatable levels by time:
     D:1: 1752 daAuts
     D:2: 624 daAuts
